 Dungeon Crawl Stone Soup version 0.29-a0-757-g358383bc75 (webtiles) character file.

Game seed: 7052331102552757832

19 Mgcat the Trooper (level 2, 0/33 HPs)
             Began as an Ogre Berserker on June 30, 2022.
             Was a Follower of Trog.
             Slain by a gnoll
             ... wielding a +0 whip
              (8 damage)
             ... on level 1 of the Dungeon.
             The game lasted 00:01:02 (1064 turns).

Mgcat the Trooper (Ogre Berserker)                  Turns: 1064, Time: 00:01:03

Health: 0/33       AC:  3    Str: 20    XL:     2   Next: 75%
Magic:  2/2        EV: 10    Int:  8    God:    Trog [*.....]
Gold:   54         SH:  0    Dex:  8    Spells: 1/1 levels left

rFire   . . .      SeeInvis .   a - +0 hand axe
rCold   . . .      Faith    .   (no shield)
rNeg    . . .      Spirit   .   b - +0 animal skin
rPois   .          Reflect  .   (helmet restricted)
rElec   .          Harm     .   (no cloak)
rCorr   .          Rampage  .   (gloves unavailable)
Will    .....                   (boots unavailable)
Stlth   +.........              (no amulet)
HPRegen 0.11/turn               (no ring)
MPRegen 0.08/turn               (no ring)

@: on berserk cooldown, slowed, very slow
A: large, unfitting armour, tough skin 1
a: Renounce Religion, Berserk


You were on level 1 of the Dungeon.
You worshipped Trog.
Trog was aware of your devotion.
You visited 1 branch of the dungeon, and saw 2 of its levels.

You collected 54 gold pieces.

Inventory:

Hand Weapons
 a - a +0 hand axe (weapon)
Armour
 b - a +0 animal skin (worn)
Scrolls
 c - a scroll of fog {unknown}
 e - a scroll of noise {unknown}
 g - a scroll of teleportation {unknown}
Potions
 d - a potion of might {unknown}
 f - a potion of curing {unknown}
 h - a potion of berserk rage {unknown}


   Skills:
 + Level 4.3 Fighting
 * Level 3.5 Axes
 + Level 2.9 Dodging


You had one spell level left.
You didn't know any spells.
Your spell library was empty.

Dungeon Overview and Level Annotations

Branches:
Dungeon (2/15)

Altars:


Innate Abilities, Weirdness & Mutations

You are too large for most types of armour.
You have tough skin. (AC +1)


Message History

You hit the rat.
You kill the rat!
Trog accepts your kill.
No target in view!
No target in view!
You open the door.
There is an open door here.
You open the door.
There is an open door here.
Found a stone staircase leading down.
You open the door.
There is an open door here.
Done exploring.
Done exploring.
Done exploring.
Done exploring.
Done exploring.
Done exploring.
Done exploring.
(D) Dungeon
Where to? (? - help)
What level of the Dungeon? (default 1, ? - help)
There is a stone staircase leading down here.
You climb downwards.
There is a stone staircase leading up here.
Found a stone staircase leading down.
Found a stone staircase leading up.
No target in view!
You see here a +0 rapier.
Found an escape hatch in the ceiling.
As you open the door, it creaks loudly!
A gnoll comes into view. It is wielding a +0 spear.
The gnoll shouts!
You hear a shout!
Spoiler Alert: The gnoll can hit for moderate damage in melee, and throws nets!
An endoplasm comes into view.
The endoplasm quivers.
There is an open door here.
A gnoll comes into view. It is wielding a +0 whip.
The gnoll shouts!
Warning x2: The gnoll can hit for moderate damage in melee, and throws nets! x2
There is an escape hatch in the ceiling here.
A red film seems to cover your vision as you go berserk!
You feel yourself moving faster!
You feel mighty!
The gnoll hits you from afar with a +0 spear.
A gnoll comes into view. It is wielding a +0 club.
You now have 43/49 hp.
Warning x3: The gnoll can hit for moderate damage in melee, and throws nets! x3
You feel a strong urge to attack something.
You barely miss the gnoll. The gnoll hits you with a +0 spear.
You take 5 damage, and have 38/49 hp.
You slash the gnoll!
The gnoll is severely wounded.
The gnoll hits you with a +0 spear!
You take 8 damage, and have 30/49 hp.
Warning x3: The gnoll can hit for moderate damage in melee, and throws nets! x3
You closely miss the gnoll.
The gnoll is severely wounded.
A gnoll comes into view. It is wielding a +0 spear.
The gnoll barely misses you.
Danger x4: gnoll x3, gnoll (wandering)!
The gnoll shouts!
You hit the gnoll.
The gnoll is almost dead.
You barely miss the gnoll. You barely miss the endoplasm.
Danger x4: gnoll x4!
The gnoll hits you but does no damage.
There is an escape hatch in the ceiling here.
Warning x3: The gnoll can hit for moderate damage in melee, and throws nets! x3
You feel a strong urge to attack something.
A mysterious force pulls you upwards. The hatch slams shut behind you.
You are no longer berserk.
You are exhausted.
You feel yourself slow down.
You now have 21/33 hp.
Spoiler Alert: The gnoll can hit for moderate damage in melee, and throws nets!
Unknown command.
Unknown command.
Unknown command.
You hit the gnoll.
The gnoll is heavily wounded.
The gnoll hits you with a +0 whip. x2
You take 6 damage, and have 15/33 hp.
Spoiler Alert: The gnoll can hit for moderate damage in melee, and throws nets!
Unknown command.
You closely miss the gnoll.
The gnoll is heavily wounded.
The gnoll hits you with a +0 whip.
* * * LOW HITPOINT WARNING * * *
The gnoll barely misses you.
You take 6 damage, and have 9/33 hp.
Spoiler Alert: The gnoll can hit for moderate damage in melee, and throws nets!
You barely miss the gnoll.
The gnoll is heavily wounded.
The gnoll hits you with a +0 whip.
* * * LOW HITPOINT WARNING * * *
You take 1 damage, and have 8/33 hp.
You hit the gnoll.
The gnoll is almost dead.
The gnoll hits you with a +0 whip!
You die...

......#############.# #
......###########################
......#.........................#
......#.######......#######...#.#
....................+.....'..[#.#
##..#.##......(.....###.###...#.#
##.........#........###.###...#.#
....................+>.......[#.#
.......###......@g..#.#.......#.#
.......# #.....#...##.........#.#
PPPPP..###.....#.#.#............#
....P..........+.#.##.......#.###
.♣..P..........###..'.......+....
....P..........######.......#..##
#####..........'....'....§..+....
#...#..........######....§§§..§.#
'...#..........# #....§§§_....


You could see a gnoll.

Vanquished Creatures
  A dart slug (D:1)
  2 bats (D:1)
  3 endoplasms (D:1)
  A giant cockroach (D:1)
  A goblin (D:1)
  2 hobgoblins (D:1)
  2 ball pythons (D:1)
  A frilled lizard (D:1)
  A kobold (D:1)
  3 rats (D:1)
17 creatures vanquished.

Notes
Turn   | Place    | Note
-------+----------+-------------------------------------------
     0 | D:1      | Mgcat the Ogre Berserker began the quest for the Orb.
     0 | D:1      | Reached XP level 1. HP: 24/24 MP: 1/1
   119 | D:1      | Found a faded altar of an unknown god.
   139 | D:1      | Reached XP level 2. HP: 32/32 MP: 2/2
  1063 | D:1      | HP: 8/33 [gnoll/+0 whip (1)]
  1064 | D:1      | Slain by a gnoll

Illustrated notes

Levels and vault maps discovered:
D:1:      evilmike_arrival_home_sweet_home, layout_basic,
          ebering_ecumenical_altar_mist, minmay_misc_feat_secret_circle
D:2:      layout_basic

Action                   || total
-------------------------++-------
Melee: Hand axe          ||    56
Invok: Berserk           ||     2
Armor: Animal skin       ||    16
Dodge: Dodged            ||    26

Table legend: (Time is in decaauts)
 A = Elapsed time spent in this place.
 B = Non-inter-level travel time spent in this place.
 C = Inter-level travel time spent in this place.
 D = Time resting spent in this place.
 E = Time spent auto-exploring this place.
 F = Levels seen in this place.
 G = Mean time per level.
                   A        B        C        D        E       F      G
               +--------+--------+--------+--------+--------+-----+--------+
         Total |   1076 |   1051 |     25 |    188 |    740 |   2 |  538.0 |
       Dungeon |   1076 |   1051 |     25 |    188 |    740 |   2 |  538.0 |
               +--------+--------+--------+--------+--------+-----+--------+

Top non-repeatable levels by time:
     D:1: 958 daAuts
     D:2: 117 daAuts

Table legend:
 A = Kills in this place as a percentage of kills in entire the game.
 B = Kills by you in this place as a percentage of kills by you in the entire game.
 C = Kills by friends in this place as a percentage of kills by friends in the entire game.
 D = Other kills in this place as a percentage of other kills in the entire game.
 E = Experience gained in this place as a percentage of experience gained in the entire game.
 F = Experience gained in this place divided by the number of levels of this place that you have seen.
                   A       B       C       D       E      F
               +-------+-------+-------+-------+-------+----------------------
         Total | 100.0 | 100.0 |   N/A |   N/A | 100.0 |  14.0
       Dungeon | 100.0 | 100.0 |   N/A |   N/A | 100.0 |  14.0
               +-------+-------+-------+-------+-------+----------------------
